 Dungeon Crawl Stone Soup version 0.26.1-11-gd32895ea62 (webtiles) character file.

Game seed: 4705058205384224410

732 alphawulf the Cudgeller (level 7, -12/84 HPs)
             Began as a Demonspawn Berserker on May 26, 2021.
             Was a Priest of Trog.
             Mangled by a gnoll
             ... wielding a +0 halberd
              (14 damage)
             ... on level 5 of the Dungeon.
             The game lasted 00:15:14 (5722 turns).

alphawulf the Cudgeller (Demonspawn Berserker)      Turns: 5722, Time: 00:15:14

Health: -12/84     AC: 11    Str: 20    XL:     7   Next: 45%
Magic:  7/7        EV:  8    Int:  8    God:    Trog [***...]
Gold:   155        SH:  0    Dex: 12    Spells: 6/6 levels left

rFire    . . .     SeeInvis .   a - +0 mace
rCold    + . .     Faith    .   (no shield)
rNeg     . . .     Spirit   .   m - +1 chain mail {rPois}
rPois    +         Reflect  .   (helmet restricted)
rElec    .         Harm     .   t - +0 cloak
rCorr    .         Rampage  .   (no gloves)
Will     .....                  (no boots)
Stlth    ..........             (no amulet)
HPRegen  0.24/turn              k - ring of poison resistance
MPRegen  0.10/turn              r - ring of protection from cold

@: berserking (expiring), very quick
A: claws 1, horns 1, demonic guardian 1
a: Renounce Religion, Berserk, Trog's Hand


You were on level 5 of the Dungeon.
You worshipped Trog.
Trog was most pleased with you.
You visited 1 branch of the dungeon, and saw 5 of its levels.

You collected 155 gold pieces.

Inventory:

Hand Weapons
 a - a +0 mace (weapon)
 b - a +0 hunting sling
Missiles
 o - 43 sling bullets
Armour
 m - a +1 chain mail of poison resistance (worn)
 t - a +0 cloak (worn)
Jewellery
 k - a ring of poison resistance (left claw)
 r - a ring of protection from cold (right claw)
Wands
 d - a wand of polymorph (4)
 f - a wand of random effects (11)
Scrolls
 c - a scroll of noise {unknown}
 i - a scroll of identify
 l - 7 scrolls of remove curse
 p - 2 scrolls of magic mapping
 q - 2 scrolls of blinking
Potions
 e - 2 potions of magic
 g - 2 potions of ambrosia
 h - 2 potions of brilliance
 j - a potion of degeneration {unknown}
 n - a potion of invisibility {unknown}
 s - a potion of curing {unknown}
 v - a potion of attraction {unknown}
 w - a potion of berserk rage {unknown}
 Z - 2 potions of heal wounds {unknown}


   Skills:
 * Level 5.0 Fighting
 * Level 5.9 Maces & Flails
 + Level 1.1 Slings
 * Level 3.3 Armour
 + Level 2.7 Dodging


You had 6 spell levels left.
You didn't know any spells.
Your spell library was empty.

Dungeon Overview and Level Annotations

Branches:
Dungeon (5/15)             Temple (0/1) D:4

Altars:
Cheibriados
Gozag
Makhleb
Okawaru
Qazlal
Wu Jian

Annotations:
D:5 Menkaure


Innate Abilities, Weirdness & Mutations

You have sharp fingernails.
You have a pair of small horns on your head.
A weak demonic guardian rushes to your aid.


Message History

The gnoll convulses!
Your body is wracked with pain!
The gnoll convulses! x2
The worker ant zombie bites you but does no damage.
The gnoll hits you from afar with a +0 halberd.
You hit the worker ant zombie.
You destroy the worker ant zombie!
Trog accepts your kill.
Menkaure calls on the powers of darkness!
The gnoll convulses!
Your body is wracked with pain!
* * * LOW HITPOINT WARNING * * *
The gnoll convulses! x2
You are too injured to fight recklessly!
You are too injured to fight recklessly!
You are too injured to fight recklessly!
You are too injured to fight recklessly!
Menkaure hits you!
* * * LOW HITPOINT WARNING * * *
You hit Menkaure.
Menkaure is moderately damaged.
The gnoll hits you from afar with a +0 halberd!
You die...

##.#.#........>.
#..#.#..........
##.#............. ##
..#....^........ #.
#.......##..... #### #.
#.......#..#... .....#.
#.......#......
......g###.>.......#....
....ggM@5.)..#####.##...
.....g##<#)####....##.#.
..... #.#(# #†#####...
.... #.#(####.### #.#.
... #<#(##.....###.#. ..
#....#......#..## #
#....#......#.##
#....######...# #####


You could see Menkaure (fast), 4 gnolls and a friendly quasit (summoned).

Vanquished Creatures
  Duvessa (D:5)
  Dowan (D:5)
  A hound (D:5)
  A centaur skeleton (D:4)
  4 orc priests
  Ijyb (D:4)
  Natasha (thrice) (D:2)
  Terence (D:2)
  A worker ant (D:4)
  A worker ant zombie (D:5)
  4 gnolls
  8 adders
  An ooze (D:3)
  4 worms
  3 dart slugs
  3 leopard geckos
  16 orcs
  A ball python (D:5)
  9 giant cockroaches
  6 goblins
  8 hobgoblins
  A jackal (D:3)
  8 kobolds
  3 quokkas
  14 bats
  10 frilled lizards
  A jackal zombie (D:5)
  16 rats
131 creatures vanquished.

Vanquished Creatures (collateral kills)
  A gnoll (D:3)
  An orc (D:3)
2 creatures vanquished.

Grand Total: 133 creatures vanquished

Notes
Turn   | Place    | Note
-------+----------+-------------------------------------------
     0 | D:1      | alphawulf the Demonspawn Berserker began the quest for the
                  | Orb.
     0 | D:1      | Reached XP level 1. HP: 18/18 MP: 1/1
   250 | D:1      | Gained mutation: You have sharp fingernails. [demonic
                  | ancestry]
   250 | D:1      | Reached XP level 2. HP: 24/24 MP: 2/2
   813 | D:1      | Gained mutation: You have a pair of small horns on your
                  | head. [demonic ancestry]
   813 | D:1      | Reached XP level 3. HP: 29/29 MP: 3/3
  1705 | D:2      | Reached XP level 4. HP: 29/36 MP: 4/4
  1847 | D:2      | Noticed Terence
  1865 | D:2      | Killed Terence
  1865 | D:2      | Reached ** piety under Trog
  2195 | D:2      | Noticed Natasha
  2211 | D:2      | Killed Natasha
  2496 | D:2      | Noticed Natasha
  2501 | D:2      | Killed Natasha
  2502 | D:2      | Gained mutation: A weak demonic guardian rushes to your
                  | aid. [demonic ancestry]
  2502 | D:2      | Reached XP level 5. HP: 32/42 MP: 5/5
  2592 | D:2      | Noticed Natasha
  2599 | D:2      | Killed Natasha
  3504 | D:3      | Reached XP level 6. HP: 35/48 MP: 6/6
  3638 | D:3      | Found a faded altar of an unknown god.
  3690 | D:3      | Reached *** piety under Trog
  3785 | D:3      | Reached skill level 5 in Maces & Flails
  4872 | D:4      | Found an opulent altar of Gozag.
  4872 | D:4      | Found an ornate altar of the Wu Jian Council.
  4872 | D:4      | Found a stormy altar of Qazlal.
  4872 | D:4      | Found a burning altar of Makhleb.
  4893 | D:4      | Found a snail-covered altar of Cheibriados.
  4899 | D:4      | Found an iron altar of Okawaru.
  5150 | D:4      | Found a staircase to the Ecumenical Temple.
  5338 | D:4      | Noticed Ijyb
  5348 | D:4      | Killed Ijyb
  5514 | D:5      | Entered Level 5 of the Dungeon
  5590 | D:5      | Noticed Duvessa
  5591 | D:5      | Noticed Dowan
  5600 | D:5      | Killed Duvessa
  5601 | D:5      | Reached XP level 7. HP: 55/55 MP: 7/7
  5602 | D:5      | Killed Dowan
  5603 | D:5      | Reached skill level 1 in Slings
  5671 | D:5      | Reached skill level 5 in Fighting
  5710 | D:5      | Noticed Menkaure
  5721 | D:5      | HP: 2/84 [Menkaure (16)]
  5722 | D:5      | Mangled by a gnoll

Illustrated notes

Levels and vault maps discovered:
D:1:      amcnicky_arrival_flooded_fountain, layout_basic
D:2:      layout_rooms, uniq_natasha, uniq_terence
D:3:      layout_loops_corners, chequers_ecumenical_altar_island,
          minmay_fractal_squares_diagonal_5
D:4:      layout_basic, minmay_overflow_temple_hex,
          minmay_temple_entry_glassed_door, uniq_ijyb
D:5:      layout_rooms, uniq_menkaure, uniq_duvessa

Skill      XL: |  1  2  3  4  5  6  7 |
---------------+----------------------+-----
Maces & Flails | 3 4 5 |  5.9
Dodging        | 2 |  2.7
Armour         | 2 3 |  3.3
Fighting       | 4 5 |  5.0
Slings         | 1 |  1.1

Action                   |  1- 3 |  4- 6 |  7- 9 || total
-------------------------+-------+-------+-------++-------
Melee: Mace              |   102 |   243 |    21 ||   366
       Headbutt          |    10 |    42 |     3 ||    55
       Unarmed           |       |     6 |       ||     6
 Fire: Hunting sling     |       |    28 |     4 ||    32
Invok: Berserk           |       |     4 |     1 ||     5
Evoke: Wand              |       |       |     3 ||     3
  Use: Scroll            |     4 |     9 |       ||    13
 Stab: Sleeping          |     2 |       |       ||     2
       Distracted        |       |       |     1 ||     1
Armor: Animal skin       |    30 |     4 |       ||    34
       Chain mail        |       |   137 |     5 ||   142
Dodge: Dodged            |    91 |   120 |     8 ||   219
